 Dungeon Crawl Stone Soup version 0.31-a0-963-ga325b2283a (webtiles) character file.

Game seed: 120354287844762194

18718 Arcadio the Skirmisher (level 12, -5/95 HPs)
             Began as a Gnoll Hunter on Oct 24, 2023.
             Was a Priest of Fedhas.
             Killed from afar by an electric eel (9 damage)
             ... with a bolt of electricity
             ... on level 2 of the Lair of Beasts.
             The game lasted 00:28:32 (10359 turns).

Arcadio the Skirmisher (Gnoll Hunter)              Turns: 10359, Time: 00:28:33

Health: -5/95      AC: 12    Str: 11    XL:     12   Next: 61%
Magic:  0/23       EV: 19    Int: 10    God:    Fedhas [***...]
Gold:   750        SH:  0    Dex: 22    Spells: 26/26 levels left

rFire   . . .        a - +12 whip "Vagreuti" {freeze, Dex+3}
rCold   . . .        (no shield)
rNeg    . . .        G - +0 scale mail
rPois   .            W - +2 hat {SInv}
rElec   .            D - +0 cloak
rCorr   .            Q - +0 pair of gloves
SInv    +            (no boots)
Will    .....        w - amulet of guardian spirit
Stlth   +++          d - ring of flight
HPRegen 0.35/turn    t - +5 ring of evasion
MPRegen 0.18/turn

%: guardian spirit
@: flying
A: fangs 1, strong nose, distributed training
a: Renounce Religion, Wall of Briars, Grow Ballistomycete


You were on level 2 of the Lair of Beasts.
You worshipped Fedhas.
Fedhas was most pleased with you.
You visited 3 branches of the dungeon, and saw 12 of its levels.

You collected 750 gold pieces.

Inventory:

Hand Weapons
 a - the +12 whip "Vagreuti" (weapon) {freeze, Dex+3}
   (You found it on level 2 of the Dungeon)

   Dex+3:     It affects your dexterity (+3).
 b - a +0 shortbow
 k - a +0 dagger of venom
 l - a +1 dagger of electrocution
 M - a +5 short sword
 U - a +1 scimitar of flaming
Missiles
 y - 3 throwing nets
Armour
 c - a +0 leather armour
 x - a +0 plate armour
 A - a +0 helmet
 B - a +1 ring mail of positive energy
 D - a +0 cloak (worn)
 G - a +0 scale mail (worn)
 H - a +2 robe of fire resistance
 I - +0 steam dragon scales
 L - a +2 leather armour of willpower
 Q - a +0 pair of gloves (worn)
 T - a +0 troll leather armour
 W - a +2 hat of see invisible (worn)
Jewellery
 d - a ring of flight (left hand)
 t - a +5 ring of evasion (right hand)
 w - an amulet of guardian spirit (around neck)
 V - a +4 ring of protection
 Y - a ring of willpower
Talismans
 e - a beast talisman
 p - a flux talisman
Wands
 r - a wand of polymorph (5)
 u - a wand of paralysis (21) (quivered)
 X - a wand of roots (3)
Scrolls
 f - 2 scrolls of teleportation
 g - a scroll of noise
 j - a scroll of silence {unknown}
 m - a scroll of vulnerability
 o - 2 scrolls of fear {unknown}
 q - 4 scrolls of butterflies
 C - 4 scrolls of amnesia
 F - a scroll of torment {unknown}
 N - 2 scrolls of enchant weapon {unknown}
 O - a scroll of poison {unknown}
 P - a scroll of enchant armour {unknown}
 R - a scroll of acquirement {unknown}
 S - a scroll of fog {unknown}
Potions
 h - 4 potions of heal wounds
 i - a potion of resistance {unknown}
 n - a potion of ambrosia
 s - a potion of haste
 v - 2 potions of attraction
 z - a potion of lignification {unknown}
 E - a potion of enlightenment {unknown}
 J - a potion of might {unknown}
 K - 2 potions of brilliance {unknown}


   Skills:
 + Level 9.0 Fighting
 + Level 7.6 Short Blades
 + Level 7.6 Long Blades
 + Level 7.6 Axes
 + Level 7.6 Maces & Flails
 + Level 7.6 Polearms
 + Level 7.6 Staves
 + Level 11.4 Ranged Weapons
 + Level 7.6 Throwing
 + Level 7.6 Armour
 + Level 9.0 Dodging
 + Level 8.0 Stealth
 + Level 7.6 Shields
 + Level 7.6 Unarmed Combat
 + Level 7.6 Spellcasting
 + Level 6.3 Conjurations
 + Level 6.3 Hexes
 + Level 6.3 Summonings
 + Level 6.3 Necromancy
 + Level 6.3 Translocations
 + Level 6.3 Transmutations
 + Level 6.3 Fire Magic
 + Level 6.3 Ice Magic
 + Level 6.3 Air Magic
 + Level 6.3 Earth Magic
 + Level 6.3 Poison Magic
 + Level 8.3 Invocations
 + Level 7.6 Evocations
 + Level 6.9 Shapeshifting


You had 26 spell levels left.
You didn't know any spells.
Your spell library contained the following spells:

 Spells                   Type           Power      Damage    Failure   Level
 Magic Dart               Conj           64%        1d6       6%          1
 Sting                    Tmut/Pois      64%        1d6       6%          1
 Poisonous Vapours        Pois/Air       32%        N/A       10%         2
 Searing Ray              Conj           32%        2d5       10%         2
 Dazzling Flash           Conj/Hex       32%        N/A       19%         3
 Volatile Blastmotes      Fire/Tloc      32%        2d12      19%         3
 Fulminant Prism          Conj/Hex       8%         3d7       52%         4
 Olgreb's Toxic Radiance  Pois           16%        N/A       52%         4
 Starburst                Conj/Fire      8%         6d4       100%        6
 Maxwell's Capacitive Co  Air            8%         ∞         100%        8


Dungeon Overview and Level Annotations

Branches:
Dungeon (9/15) Zot: 26568  Temple (1/1) D:7 Zot: 5863    Lair (2/5) D:8 Zot: 9047
  Swamp (0/4) Lair:2
  Snake: Lair:2-3    Spider: Lair:2-3       Orc: D:9-12

Altars:
Ashenzari
Cheibriados
Dithmenos
Elyvilon
Fedhas
Gozag
Hepliaklqana
Kikubaaqudgha
Makhleb
Nemelex Xobeh
Okawaru
Qazlal
Ru
Sif Muna
Trog
Uskayaw
Vehumet
Wu Jian
Xom
Yredelemnul
Zin
The Shining One

Annotations:
D:5 2 transporters, heinrich's ghost, novice GnWn
D:8 1 runed translucent door, Gergoth's ghost, novice HOMo
Lair:1 2 transporters, KineticRobot's ghost, journeyman TrSh


Innate Abilities, Weirdness & Mutations

You have very sharp teeth.
Your uncanny sense of smell can sniff out nearby items.
Your experience applies equally to all skills.


Message History

Press: ? - help, Q - select action, (/) - cycle Shift-Dir - straight line, f - bog body
Aim: a bog body (thin mist, wandering, hasn't noticed you, 73% to hit)
You shoot an arrow. The arrow barely misses the bog body.
Fire: b) +0 shortbow
Press: ? - help, Q - select action, (/) - cycle Shift-Dir - straight line, f/p - bog body
Aim: a bog body (73% to hit)
You shoot an arrow. The arrow hits the bog body.
The bog body is lightly damaged.
Fire: b) +0 shortbow
Press: ? - help, Q - select action, (/) - cycle Shift-Dir - straight line, f/p - bog body
Aim: a bog body (lightly damaged, 73% to hit)
You shoot an arrow. The arrow hits the bog body.
The bog body is lightly damaged.
The bog body points at you and mumbles some strange words.
The bolt of cold hits you!!!
You feel agile.
The +12 whip "Vagreuti" {freeze, Dex+3} glows with a cold blue light!
a - the +12 whip "Vagreuti" (weapon)
{freeze, Dex+3} The bog body gestures at you while chanting.
The bolt of cold hits you!!
Found a staircase to the Swamp.
The bog body casts a spell at you.
The bolt of cold misses you. 2 electric eels come into view.
The electric eel shoots out a bolt of lightning at you!
The bolt of electricity misses you.
The bog body points at you and mumbles some strange words.
You resist with significant effort.
The electric eel moves out of view.
The electric eel shoots out a bolt of lightning at you!
The bolt of electricity hits you! The bog body touches you.
The bog body freezes you!!
* * * LOW HITPOINT WARNING * * *
The electric eel shoots out a bolt of lightning at you!
The bolt of electricity hits you!
* * * LOW HITPOINT WARNING * * *
The electric eel shoots out a bolt of lightning at you!
The bolt of electricity hits the electric eel.
The electric eel completely resists.
The bolt of electricity hits you!
You die...
Fedhas appreciates your contribution to the ecosystem.

#............♣♣..♣♣
...#
......#......♣≈♣.~♣
∆..#
>............♣..†.♣
##
..##....####.♣≈♣.~♣
∆ ######..#
#.♣≈..~♣ ##
#....##♣♣~.♣♣♣ .###
##.#.# ♣~..~♣
##P#####.>..♣♣~.♣~♣
............♣♣~.@~♣
.......#....♣♣~.♣~♣
............♣♣~n.~♣
....#...#... ♣~.♣~♣
#..^.......# ♣♣§§S♣
##........###♣§§§~♣
##...........♣§§§§♣
.###...<.....♣≈~~S♣
.###<........♣♣♣♣♣♣


You could see a bog body and 2 electric eels.

Vanquished Creatures
  Gastronok (Lair:2)
  A hydra (Lair:1)
  Erica (D:8)
  A two-headed ogre (D:7)
  Amaemon (Lair:2)
  A bog body (Lair:2)
  Pikel (D:7)
  5 elephants (Lair:2)
  A black mamba (Lair:1)
  An orange demon (Lair:2)
  6 cane toads
  Maggie (D:7)
  2 komodo dragons (Lair:1)
  A troll (D:9)
  7 blink frogs (Lair:1)
  A shadow (D:7)
  22 yaks
  2 basilisks (Lair:2)
  3 orc warriors
  9 water moccasins
  2 ice beasts (D:7)
  2 black bears
  A lemure (D:7)
  A centaur (D:8)
  3 phantoms
  13 bullfrogs
  3 scorpions
  2 gnoll sergeants (D:7)
  A wight (D:7)
  4 howler monkeys
  2 jellies (D:7)
  5 hounds
  A gnoll bouda (D:9)
  5 orc priests
  An iguana (D:6)
  A sleepcap (D:4)
  5 orc wizards
  21 gnolls
  8 adders
  2 shadow imps (D:5)
  2 white imps (D:7)
  2 worms
  2 dart slugs
  25 orcs
  5 endoplasms
  A giant cockroach (D:2)
  9 goblins
  5 hobgoblins
  8 kobolds
  5 quokkas
  2 ball pythons
  3 bats
  3 frilled lizards (D:1)
  2 rats (D:1)
225 creatures vanquished.

Vanquished Creatures (collateral kills)
  2 blink frogs (Lair:1)
2 creatures vanquished.

Vanquished Creatures (others)
  2 sleepcaps
  A gnoll (D:8)
  An orc (D:8)
4 creatures vanquished.

Grand Total: 231 creatures vanquished

Notes
Turn   | Place    | Note
-------+----------+-------------------------------------------
     0 | D:1      | Arcadio the Gnoll Hunter began the quest for the Orb.
     0 | D:1      | Reached XP level 1. HP: 20/20 MP: 1/1
   154 | D:1      | Reached XP level 2. HP: 26/26 MP: 2/2
   169 | D:1      | You fall into a shaft and drop 1 floor!
   449 | D:1      | Reached XP level 3. HP: 31/31 MP: 3/3
   640 | D:2      | Reached skill level 1 in Invocations
   718 | D:2      | Reached skill level 1 in Short Blades
   718 | D:2      | Reached skill level 1 in Long Blades
   718 | D:2      | Reached skill level 1 in Axes
   718 | D:2      | Reached skill level 1 in Maces & Flails
   718 | D:2      | Reached skill level 1 in Polearms
   718 | D:2      | Reached skill level 1 in Staves
   718 | D:2      | Reached skill level 1 in Throwing
   718 | D:2      | Reached skill level 1 in Armour
   718 | D:2      | Reached skill level 1 in Shields
   718 | D:2      | Reached skill level 1 in Unarmed Combat
   718 | D:2      | Reached skill level 1 in Spellcasting
   718 | D:2      | Reached skill level 1 in Evocations
   995 | D:2      | Reached skill level 1 in Shapeshifting
   995 | D:2      | Reached XP level 4. HP: 38/38 MP: 5/5
  1095 | D:2      | Reached skill level 1 in Conjurations
  1095 | D:2      | Reached skill level 1 in Hexes
  1095 | D:2      | Reached skill level 1 in Summonings
  1095 | D:2      | Reached skill level 1 in Necromancy
  1095 | D:2      | Reached skill level 1 in Translocations
  1095 | D:2      | Reached skill level 1 in Transmutations
  1095 | D:2      | Reached skill level 1 in Fire Magic
  1095 | D:2      | Reached skill level 1 in Ice Magic
  1095 | D:2      | Reached skill level 1 in Air Magic
  1095 | D:2      | Reached skill level 1 in Earth Magic
  1095 | D:2      | Reached skill level 1 in Poison Magic
  1323 | D:2      | Reached XP level 5. HP: 43/43 MP: 5/7
  1327 | D:2      | Identified the +12 whip "Vagreuti" {freeze, Dex+3}
  1568 | D:3      | Found a stormy altar of Qazlal.
  1568 | D:3      | Found a glowing silver altar of Zin.
  1933 | D:3      | Found an ancient bone altar of Kikubaaqudgha.
  2022 | D:4      | Reached XP level 6. HP: 50/50 MP: 8/8
  2043 | D:4      | Found a snail-covered altar of Cheibriados.
  2448 | D:4      | Reached skill level 5 in Fighting
  2448 | D:4      | Reached skill level 5 in Dodging
  2654 | D:5      | Entered Level 5 of the Dungeon
  2654 | D:5      | Found a transporter.
  2761 | D:5      | Found a transporter.
  2954 | D:5      | Reached XP level 7. HP: 39/56 MP: 6/10
  3495 | D:5      | Noticed heinrich's ghost (novice GnWn)
  3581 | D:5      | Found a shadowy altar of Dithmenos.
  3730 | D:6      | Reached skill level 9 in Ranged Weapons
  3943 | D:6      | Reached XP level 8. HP: 63/63 MP: 12/12
  4529 | D:7      | Noticed a two-headed ogre
  4538 | D:7      | Killed a two-headed ogre
  4539 | D:7      | Reached XP level 9. HP: 69/69 MP: 13/15
  4708 | D:7      | Noticed Maggie
  4709 | D:7      | Noticed Pikel
  4737 | D:7      | Killed Maggie
  4738 | D:7      | Reached skill level 5 in Stealth
  4743 | D:7      | Killed Pikel
  4744 | D:7      | Reached skill level 5 in Invocations
  4983 | D:7      | Found a staircase to the Ecumenical Temple.
  5059 | Temple   | Entered the Ecumenical Temple
  5124 | Temple   | Became a worshipper of Fedhas Madash
  5508 | D:7      | Reached XP level 10. HP: 77/77 MP: 17/17
  5601 | D:8      | Reached skill level 5 in Short Blades
  5601 | D:8      | Reached skill level 5 in Long Blades
  5601 | D:8      | Reached skill level 5 in Axes
  5601 | D:8      | Reached skill level 5 in Maces & Flails
  5601 | D:8      | Reached skill level 5 in Polearms
  5601 | D:8      | Reached skill level 5 in Staves
  5601 | D:8      | Reached skill level 5 in Throwing
  5601 | D:8      | Reached skill level 5 in Armour
  5601 | D:8      | Reached skill level 5 in Shields
  5601 | D:8      | Reached skill level 5 in Unarmed Combat
  5601 | D:8      | Reached skill level 5 in Spellcasting
  5601 | D:8      | Reached skill level 5 in Evocations
  5605 | D:8      | Found a staircase to the Lair.
  5621 | D:7      | Reached skill level 10 in Ranged Weapons
  5852 | D:8      | Noticed Erica
  5876 | D:8      | Killed Erica
  6226 | D:7      | Reached * piety under Fedhas
  6227 | D:7      | Reached skill level 5 in Shapeshifting
  6787 | D:8      | Found a shimmering altar of Xom.
  6787 | D:8      | Noticed Gergoth's ghost (novice HOMo)
  6787 | D:8      | Noticed a +2 dagger of chaos
  6788 | D:8      | Found a runed translucent door.
  7102 | D:9      | Reached ** piety under Fedhas
  7111 | D:9      | Reached XP level 11. HP: 77/84 MP: 14/19
  7126 | D:9      | Reached skill level 5 in Conjurations
  7126 | D:9      | Reached skill level 5 in Hexes
  7126 | D:9      | Reached skill level 5 in Summonings
  7126 | D:9      | Reached skill level 5 in Necromancy
  7126 | D:9      | Reached skill level 5 in Translocations
  7126 | D:9      | Reached skill level 5 in Transmutations
  7126 | D:9      | Reached skill level 5 in Fire Magic
  7126 | D:9      | Reached skill level 5 in Ice Magic
  7126 | D:9      | Reached skill level 5 in Air Magic
  7126 | D:9      | Reached skill level 5 in Earth Magic
  7126 | D:9      | Reached skill level 5 in Poison Magic
  7364 | D:9      | Noticed a two-headed ogre
  7415 | Lair:1   | Entered Level 1 of the Lair of Beasts
  7455 | Lair:1   | Found a transporter.
  7457 | Lair:1   | Found a transporter.
  7462 | Lair:1   | Noticed a glowing orange brain
  7706 | Lair:1   | You are sucked into a shaft and drop 1 floor!
  7706 | Lair:2   | Noticed a four-headed hydra
  8281 | Lair:1   | HP: 4/86 [poisoned by a cane toad]
  8522 | Lair:1   | Noticed KineticRobot's ghost (journeyman TrSh)
  8532 | Lair:1   | Noticed a spriggan rider
  9002 | Lair:1   | Killed a four-headed hydra
  9003 | Lair:1   | Reached skill level 11 in Ranged Weapons
  9235 | Lair:2   | Reached XP level 12. HP: 94/94 MP: 22/22
  9293 | Lair:2   | Noticed Gastronok
  9314 | Lair:2   | Killed Gastronok
  9436 | Lair:2   | Noticed Amaemon
  9446 | Lair:2   | Killed Amaemon
  9592 | Lair:2   | Reached *** piety under Fedhas
 10356 | Lair:2   | Found a staircase to the Swamp.
 10359 | Lair:2   | HP: 4/95 [electric eel/bolt of electricity (11)]
 10359 | Lair:2   | Killed from afar by an electric eel

Illustrated notes

Levels and vault maps discovered:
D:1:      wheals_arrival_shading, layout_rooms, serial_corexii_hall,
          corexii_hall_statues_x, chequers_hall_statues_y
D:2:      layout_basic, serial_bayou_pond_d, minmay_gold_behind_fungi,
          roderic_lattice_a
D:3:      layout_rooms, old_standard_altar, grunt_temple_overflow_open,
          chequers_serial_rivers_room_b
D:4:      layout_gridville, mainiacjoe_overflow_brackets, chequers_big_river,
          chequers_serial_rivers_marsh, nicolae_titane
D:5:      layout_basic, grunt_dithmenos_shadows, gammafunk_ghost_stat_death,
          kennysheep_generic_room_10
D:6:      layout_cave_pools
D:7:      layout_loops_ring, minmay_temple_entry_large_hall,
          minmay_tree_intersection, serial_park_tiny_1, minmay_bent,
          uniq_maggie, uniq_pikel
D:8:      layout_basic, due_lair_maze_entry_diamond, ebering_ghost_xom,
          serial_corexii_hall, corexii_hall_statues_i,
          chequers_hall_statues_corner_a, uniq_erica
D:9:      layout_long_grid, feat_on_display
Temple:   minmay_crystal_spiral_temple
Lair:1:   layout_cave_pods, gammafunk_ghost_abyssal_escape, minmay_hedge_maze
Lair:2:   layout_misc_corridors, nicolae_swamp_entry_splash_gauntlet,
          uniq_gastronok, uniq_amaemon

Skill      XL: |  1  2  3  4  5  6  7  8  9 10 11 12 |
---------------+-------------------------------------+-----
Invocations    | 1 2 3 4 5 6 7 8 |  8.3
Short Blades   | 1 2 3 4 5 6 7 |  7.6
Long Blades    | 1 2 3 4 5 6 7 |  7.6
Axes           | 1 2 3 4 5 6 7 |  7.6
Maces & Flails | 1 2 3 4 5 6 7 |  7.6
Polearms       | 1 2 3 4 5 6 7 |  7.6
Staves         | 1 2 3 4 5 6 7 |  7.6
Throwing       | 1 2 3 4 5 6 7 |  7.6
Armour         | 1 2 3 4 5 6 7 |  7.6
Shields        | 1 2 3 4 5 6 7 |  7.6
Unarmed Combat | 1 2 3 4 5 6 7 |  7.6
Spellcasting   | 1 2 3 4 5 6 7 |  7.6
Evocations     | 1 2 3 4 5 6 7 |  7.6
Shapeshifting  | 1 2 3 4 5 6 |  6.9
Conjurations   | 1 2 3 4 5 6 |  6.3
Hexes          | 1 2 3 4 5 6 |  6.3
Summonings     | 1 2 3 4 5 6 |  6.3
Necromancy     | 1 2 3 4 5 6 |  6.3
Translocations | 1 2 3 4 5 6 |  6.3
Transmutations | 1 2 3 4 5 6 |  6.3
Fire Magic     | 1 2 3 4 5 6 |  6.3
Ice Magic      | 1 2 3 4 5 6 |  6.3
Air Magic      | 1 2 3 4 5 6 |  6.3
Earth Magic    | 1 2 3 4 5 6 |  6.3
Poison Magic   | 1 2 3 4 5 6 |  6.3
Stealth        | 3 4 5 6 7 8 |  8.0
Fighting       | 5 6 7 8 9 |  9.0
Dodging        | 5 6 7 8 9 |  9.0
Ranged Weapons | 9 10 11 | 11.4

Action                     |  1- 3 |  4- 6 |  7- 9 | 10-12 || total
---------------------------+-------+-------+-------+-------++-------
  Melee: Whip              |       |    34 |   122 |   459 ||   615
         Bite              |       |     3 |    16 |    65 ||    84
         Punch             |       |       |     3 |    39 ||    42
   Fire: Shortbow          |    70 |   110 |    66 |   130 ||   376
 Invoke: Wall of Briars    |       |       |       |     3 ||     3
  Evoke: Wand              |       |       |     2 |     1 ||     3
    Use: Scroll            |       |     1 |       |     7 ||     8
         Potion            |       |       |     1 |       ||     1
   Stab: Paralysed         |       |       |     4 |       ||     4
         Sleeping          |       |       |       |     1 ||     1
 Armour: Leather armour    |     7 |    16 |    15 |       ||    38
         Scale mail        |       |       |    34 |   277 ||   311
  Dodge: Dodged            |    13 |    37 |   112 |   423 ||   585
   Form: Beast             |     1 |       |       |       ||     1
                           |       |       |     1 |       ||     1

Table legend: (Time is in decaauts)
 A = Elapsed time spent in this place.
 B = Non-inter-level travel time spent in this place.
 C = Inter-level travel time spent in this place.
 D = Time resting spent in this place.
 E = Time spent auto-exploring this place.
 F = Levels seen in this place.
 G = Mean time per level.
                   A        B        C        D        E       F      G
               +--------+--------+--------+--------+--------+-----+--------+
         Total |  10311 |   9944 |    367 |    691 |   7182 |  12 |  859.2 |
       Dungeon |   7223 |   7015 |    208 |    510 |   5097 |   9 |  802.6 |
        Temple |    136 |      6 |    130 |      0 |      0 |   1 |  136.0 |
          Lair |   2951 |   2923 |     28 |    181 |   2085 |   2 | 1475.5 |
               +--------+--------+--------+--------+--------+-----+--------+

Top non-repeatable levels by time:
  Lair:1: 1779 daAuts
     D:7: 1660 daAuts
  Lair:2: 1172 daAuts
     D:5: 1034 daAuts
     D:2: 1020 daAuts
     D:8: 770 daAuts
     D:6: 725 daAuts
     D:4: 650 daAuts
     D:1: 508 daAuts
     D:3: 468 daAuts
     D:9: 385 daAuts
  Temple: 136 daAuts
